 Dungeon Crawl Stone Soup version 0.26.1-11-gd32895ea62 (webtiles) character file.

Game seed: 7297319474930430779

6244 phalm the Geomancer (level 10, -11/58 HPs)
             Began as a Gargoyle Earth Elementalist on Apr 27, 2021.
             Was a Believer of Vehumet.
             Killed from afar by a fire dragon (28 damage)
             ... with a blast of flame
             ... on level 9 of the Dungeon.
             The game lasted 00:35:56 (12472 turns).

phalm the Geomancer (Gargoyle Earth Elementalist)  Turns: 12472, Time: 00:35:57

Health: -11/58     AC: 15    Str: 12    XL:     10   Next: 93%
Magic:  8/19       EV: 13    Int: 19    God:    Vehumet [**....]
Gold:   431        SH:  0    Dex: 10    Spells: 8/21 levels left

rFire    + . .     SeeInvis +   L - +0 great sword of Faath {vamp, Will+ SInv} (curse)
rCold    . . .     Faith    .   (shield currently unavailable)
rNeg     + . .     Spirit   .   J - +0 leather armour {rF+}
rPois    ∞         Reflect  .   s - +0 helmet
rElec    +         Harm     .   (no cloak)
rCorr    .         Rampage  .   K - +2 pair of gloves
Will     +....                  (no boots)
Stlth    ++........             (no amulet)
HPRegen  0.19/turn              (no ring)
MPRegen  0.16/turn              (no ring)

@: no status effects
A: negative energy resistance 1, electricity resistance, unbreathing,
petrification resistance, miasma immunity, AC +7
a: Renounce Religion


You were on level 9 of the Dungeon.
You worshipped Vehumet.
Vehumet was pleased with you.
You visited 2 branches of the dungeon, and saw 10 of its levels.
You also visited: Ossuary.

You collected 431 gold pieces.


Innate Abilities, Weirdness & Mutations

You are resistant to torment.
Your stone body is resilient. (AC +7)
You are immune to poison.
You resist negative energy. (rN+)
You are resistant to electric shocks. (rElec)
You can survive without breathing.
You are immune to petrification.
You are immune to miasma.


   Skills:
 + Level 4.6 Fighting
 + Level 4.6 Armour
 + Level 4.0 Dodging
 - Level 2.1 Stealth
 - Level 4.0 Shields
 + Level 6.2 Spellcasting
 + Level 5.0 Conjurations
 - Level 3.0 Transmutations
 * Level 12.1 Earth Magic
 + Level 2.4 Evocations


You had 8 spell levels left.
You knew the following spells:

 Your Spells              Type           Power        Failure   Level
a - Passwall              Tmut/Erth      28%          1%          2
l - Lee's Rapid Deconstr  Erth           25%          2%          5
s - Searing Ray           Conj           50%          2%          2
w - Stone Arrow           Conj/Erth      76%          1%          3
z - Sandblast             Erth           100%         1%          1

Your spell library contained the following spells:

 Spells                   Type           Power        Failure   Level
 Static Discharge         Conj/Air       15%          14%         3
 Shock                    Conj/Air       60%          4%          1
 Petrify                  Tmut/Erth      34%          6%          4
 Apportation              Tloc           10%          14%         1
 Corona                   Hex            5%           14%         1
 Dazzling Flash           Conj/Hex       30%          14%         3
 Ensorcelled Hibernation  Hex/Ice        10%          22%         2
 Confusing Touch          Hex            5%           38%         3
 Lesser Beckoning         Tloc           2%           38%         3
 Tukima's Dance           Hex            5%           38%         3
 Alistair's Intoxication  Tmut/Pois      7%           91%         5
 Invisibility             Hex            5%           100%        6

Inventory:

Hand Weapons
 c - a +2 falchion of electrocution
   (You took it off an orc on level 7 of the Dungeon)
 p - a +2 vorpal falchion
   (You took it off an orc on level 3 of the Dungeon)
 L - the cursed +0 great sword of Faath (weapon) {vamp, Will+ SInv}
   (You found it on level 8 of the Dungeon)

   It inflicts no extra harm, but heals its wielder when it wounds a living foe.
   It affects your willpower, your defense against some magical effects.
   It lets you see invisible.
   It has a curse placed upon it.
Missiles
 b - 90 stones
 m - 25 poisoned darts
 H - 7 curare-tipped darts {=f}
 M - a throwing net {=f}
Armour
 e - a +0 cloak
   (You took it off Maurice on level 8 of the Dungeon)
 s - a +0 helmet (worn)
   (You took it off Robin on level 4 of the Dungeon)
 z - a +0 buckler
   (You found it on level 3 of the Dungeon)
 J - a +0 leather armour of fire resistance (worn)
   (You took it off an orc on level 7 of the Dungeon)
 K - a +2 pair of gloves (worn)
   (You found it on level 7 of the Dungeon)
Jewellery
 C - an uncursed ring of ice
   (You found it on level 3 of the Dungeon)
Wands
 o - a wand of flame (39)
   (You found it on level 5 of the Dungeon)
 y - a wand of random effects (24)
   (You took it off Sigmund on level 4 of the Dungeon)
Scrolls
 d - 2 scrolls of fog
 j - 5 scrolls of teleportation {@r4}
 k - 4 scrolls of remove curse {@r2}
 l - 3 scrolls of amnesia
 u - 6 scrolls of immolation {!r!r}
 v - a scroll of blinking {!r}
 w - 2 scrolls of enchant weapon
 x - 4 scrolls of fear
 B - a scroll of silence {!r}
 E - a scroll of enchant armour
 G - a scroll of vulnerability {!r!r}
Potions
 a - 2 potions of might {unknown}
 f - 2 potions of flight {unknown}
 g - a potion of invisibility {unknown}
 h - 3 potions of mutation {unknown}
 i - a potion of lignification {unknown}
 n - 5 potions of curing {unknown}
 q - 5 potions of heal wounds {unknown}
 r - a potion of berserk rage {unknown}
 t - a potion of degeneration {unknown}
 A - 6 potions of resistance
 D - 2 potions of haste {unknown}
 F - 2 potions of attraction {unknown}
 I - a potion of magic {unknown}

Dungeon Overview and Level Annotations

Branches:
Dungeon (9/15)             Temple (1/1) D:6            Lair (0/6) D:9
Ossuary (visited)
    Orc: D:9-12

Altars:
Ashenzari
Dithmenos
Fedhas
Gozag
Hepliaklqana
Kikubaaqudgha
Makhleb
Nemelex Xobeh
Qazlal
Sif Muna
Trog
Uskayaw
Vehumet
Wu Jian
Xom
Yredelemnul
Zin
The Shining One

Shops:
D:4

} ..##..§≈≈≈)≈≈..
......§≈.>≈§≈..
.......≈..≈≈...
....≈≈D≈≈≈...
#...≈≈.≈....
#######...........
#....##.....#
#....##.....#####
#....##.....D@..#
#....##.........#
#....†......#####
#...........#
#....##.....#
#######.....#
#......<....+
#...........#
+...........#


You could see a fire dragon (catching breath).


Message History

a +0 flail of protection; a gnoll corpse
Items here: ) [[ †.
Okay, then.
b - 90 stones (gained 1)
b - 91 stones (gained 1)
b - 92 stones (gained 1)
b - 93 stones (gained 1)
Things that are here:
a cursed -3 club; an orc skeleton Done exploring. 😎 MP[+3]
Your mp is fully restored (19).
Done exploring.
(D) Dungeon (T) Temple
Where to? (Enter - D:8, ? - help)
There is a stone staircase leading down here.
You climb downwards.
There is a stone staircase leading up here.
Search for what [Enter for "throw", or ? for help]? ring Search for what [Enter for "ring", or ? for help]? leather Search for what [Enter for "leather", or ? for help]? robe A scorpion comes into view.
The blast of sand hits the scorpion! 😎 MP[-1]
You lost 1 mp, and now have 18/19 mp.
The blast of sand hits the scorpion!
You kill the scorpion!
Vehumet accepts your kill.
Vehumet offers you knowledge of Static Discharge.
You feel your power returning. 😎 MP[+1]
Your mp is fully restored (19).
Okay, then.
You see here a scorpion corpse.
You see here a scorpion corpse.
Found a staircase to the Lair.
A fire dragon comes into view.
The fire dragon roars deafeningly!
You hear an angry hiss.
The fire dragon breathes flames at you. The blast of flame hits you!
You resist. 😕 HP[-11]
You take 11 damage, and now have 47/58 hp. 😕 HP[+1]
You start resting.
A fire dragon is nearby!
The blast of sand hits the fire dragon!
The fire dragon breathes flames at you. The blast of flame hits you!!
You resist.
* * * LOW HITPOINT WARNING * * *
You hear an angry hiss. 😨 HP[-20] MP[-1]
You take 20 damage, and now have 28/58 hp.
MASSIVE DAMAGE!! (PAUSE)
You lost 1 mp, and now have 18/19 mp.
Casting: Sandblast (safe; 1% risk of failure)
Confirm with . or Enter, or press ? or * to list all spells.
Aiming: Stone Arrow (safe; 1% risk of failure)
Press: ? - help, Shift-Dir - straight line, f/p - fire dragon
Aim: a fire dragon (lightly wounded, catching its breath, 19% to evade)
The stone arrow hits the fire dragon! 😨 HP[+1] MP[-3]
You lost 3 mp, and now have 15/19 mp.
Casting: Stone Arrow (safe; 1% risk of failure)
Confirm with . or Enter, or press ? or * to list all spells.
Aiming: Stone Arrow (safe; 1% risk of failure)
Press: ? - help, Shift-Dir - straight line, f/p - fire dragon
Aim: a fire dragon (moderately wounded, catching its breath, 19% to evade)
The stone arrow hits the fire dragon!!
The fire dragon closely misses you. The fire dragon misses you.
The fire dragon closely misses you. 😨 MP[-3]
You lost 3 mp, and now have 12/19 mp.
Casting: Stone Arrow (safe; 1% risk of failure)
Confirm with . or Enter, or press ? or * to list all spells.
Aiming: Lee's Rapid Deconstruction (dangerous; 2% risk of failure)
Press: ? - help, Dir - move target, p - fire dragon You cannot affect that.
Okay, then.
Casting: Lee's Rapid Deconstruction (dangerous; 2% risk of failure)
Confirm with . or Enter, or press ? or * to list all spells.
Aiming: Stone Arrow (safe; 1% risk of failure)
Press: ? - help, Shift-Dir - straight line, f/p - fire dragon
Aim: a fire dragon (moderately wounded, catching its breath, 19% to evade)
The stone arrow misses the fire dragon.
The fire dragon bites you!
* * * LOW HITPOINT WARNING * * *
The fire dragon barely misses you.
The fire dragon tramples you but does no damage. 😨 HP[-12] MP[-3]
You take 12 damage, and now have 17/58 hp.
MASSIVE DAMAGE!! (PAUSE)
You lost 3 mp, and now have 9/19 mp.
Casting: Stone Arrow (safe; 1% risk of failure)
Confirm with . or Enter, or press ? or * to list all spells.
Aiming: Searing Ray (safe; 2% risk of failure)
Press: ? - help, Shift-Dir - straight line, f/p - fire dragon
Aim: a fire dragon (moderately wounded, catching its breath, 15% to evade)
The searing ray hits the fire dragon! (Press . to maintain the ray.)
The fire dragon breathes flames at you. The blast of flame hits you!!
You resist.
You die...

Skill      XL: |  1  2  3  4  5  6  7  8  9 10 |
---------------+-------------------------------+-----
Earth Magic    | 4 5 6 7 8 9 11 12 | 12.1
Conjurations   | 3 5 |  5.0
Spellcasting   | 3 4 5 6 |  6.2
Shields        | 3 4 |  4.0
Transmutations | 1 3 |  3.0
Armour         | 3 4 |  4.6
Fighting       | 3 4 |  4.6
Dodging        | 3 4 |  4.0
Evocations     | 2 |  2.4
Stealth        | |  2.1

Action                   |  1- 3 |  4- 6 |  7- 9 | 10-12 || total
-------------------------+-------+-------+-------+-------++-------
Melee: Unarmed           |     1 |       |       |       ||     1
       Dagger            |    59 |    79 |       |       ||   138
       Falchion          |       |    11 |   197 |    16 ||   224
       Mace              |       |     8 |       |       ||     8
       Great sword       |       |       |       |    22 ||    22
Throw: Dart              |       |    13 |       |       ||    13
       Throwing net      |       |       |       |     1 ||     1
 Cast: Sandblast         |    57 |    44 |   150 |    47 ||   298
       Stone Arrow       |       |       |    38 |     7 ||    45
       Passwall          |       |       |     2 |     2 ||     4
       Searing Ray       |       |       |       |    10 ||    10
       Lee's Rapid Decon |       |       |       |     5 ||     5
Evoke: Wand              |       |       |     1 |       ||     1
  Use: Scroll            |       |       |    12 |     1 ||    13
 Stab: Sleeping          |     4 |       |     5 |       ||     9
Armor: Robe              |    33 |    56 |   100 |       ||   189
       Leather armour    |       |       |    32 |    35 ||    67
Dodge: Dodged            |    25 |    55 |   186 |    65 ||   331
Block: Buckler           |       |       |       |     7 ||     7
       Rpst.: Falchion   |       |     3 |    54 |     5 ||    62
       Great sword       |       |       |       |    12 ||    12

Levels and vault maps discovered:
D:1:      amcnicky_arrival_abandoned_market, layout_basic
D:2:      layout_basic, general_overflow_altar,
          chequers_temple_overflow_statue_of_worship, minmay_between
D:3:      layout_basic, nzn_overflow_gifts_of_might_and_magic,
          overflow_temple_1_default, uniq_grinder, uniq_natasha
D:4:      kennysheep_goblin_castle, layout_loops_ring, serial_shops,
          shop_statue, uniq_sigmund
D:5:      gammafunk_steamed_eel, layout_basic, enter_ossuary_4, basic_altar,
          serial_bayou_ford_a
D:6:      cheibrodos_helix_gallery, layout_gridville,
          minmay_temple_entry_proselytizer, cheibrodos_ashenzari_chains
D:7:      layout_loops_ring, gammafunk_ghost_necromancy, minmay_microvault
D:8:      layout_rooms, minmay_liquid_box, sword_in_stone, uniq_maurice
D:9:      layout_gridville, nicolae_overflow_quartered_altars,
          minmay_lair_entry_lava
Temple:   minmay_temple_forest_path

Notes
Turn   | Place    | Note
-------+----------+-------------------------------------------
     0 | D:1      | phalm the Gargoyle Earth Elementalist began the quest for
                  | the Orb.
     0 | D:1      | Reached XP level 1. HP: 10/10 MP: 3/3
     0 | D:1      | magus.rc [v1.9.10]
   182 | D:1      | Reached skill level 4 in Earth Magic
   391 | D:1      | Reached XP level 2. HP: 15/15 MP: 1/5
  1386 | D:2      | Reached XP level 3. HP: 18/19 MP: 3/6
  1437 | D:2      | Found a shadowy altar of Dithmenos.
  1439 | D:2      | Found a stormy altar of Qazlal.
  1461 | D:2      | Reached skill level 5 in Earth Magic
  1906 | D:2      | Found an ancient bone altar of Kikubaaqudgha.
  2233 | D:2      | Reached XP level 4. HP: 24/24 MP: 4/7
  2237 | D:2      | Learned a level 3 spell: Stone Arrow
  2380 | D:3      | Found an ornate altar of the Wu Jian Council.
  2493 | D:3      | Reached skill level 6 in Earth Magic
  2728 | D:3      | Noticed Grinder
  2746 | D:3      | Killed Grinder
  2747 | D:3      | Reached skill level 3 in Conjurations
  2747 | D:3      | Reached XP level 5. HP: 28/28 MP: 1/9
  2747 | D:3      | Reached XP level 6. HP: 32/32 MP: 1/10
  2753 | D:3      | Learned a level 5 spell: Lee's Rapid Deconstruction
  2883 | D:3      | Reached skill level 7 in Earth Magic
  3417 | D:3      | Found a bloodstained altar of Trog.
  3594 | D:3      | Found a shimmering blue altar of Sif Muna.
  3598 | D:3      | Identified Sif Muna's Reference Book on Attacks
  4215 | D:3      | Noticed Natasha
  4218 | D:3      | Killed Natasha
  4219 | D:3      | Reached skill level 3 in Spellcasting
  4290 | D:3      | Noticed Natasha
  4294 | D:3      | Killed Natasha
  4295 | D:3      | Reached XP level 7. HP: 36/36 MP: 8/11
  4327 | D:3      | Noticed Natasha
  4333 | D:3      | Killed Natasha
  4396 | D:4      | Reached skill level 4 in Conjurations
  4572 | D:4      | Noticed Robin
  4594 | D:4      | Killed Robin
  5168 | D:4      | Found Hug Idum's Gadget Boutique.
  5417 | D:4      | Noticed Sigmund
  5426 | D:4      | Killed Sigmund
  5427 | D:4      | Reached skill level 5 in Conjurations
  5427 | D:4      | Reached skill level 8 in Earth Magic
  5574 | D:5      | Entered Level 5 of the Dungeon
  5607 | D:5      | Reached XP level 8. HP: 31/41 MP: 9/13
  5618 | D:5      | Found a transporter.
  5632 | D:5      | Found a transporter.
  5671 | D:5      | Found a sand-covered staircase.
  5691 | Ossuary  | Entered an ossuary
  5698 | Ossuary  | Reached skill level 1 in Shields
  6002 | Ossuary  | Reached skill level 4 in Spellcasting
  6280 | D:5      | Reached skill level 9 in Earth Magic
  6301 | D:5      | Reached skill level 2 in Shields
  6600 | D:5      | You pick up a book of Maledictions and begin reading...
  6600 | D:5      | You add the spells Corona, Ensorcelled Hibernation,
                  | Confusing Touch, Tukima's Dance and Dazzling Flash to your
                  | library.
  6604 | D:5      | Learned a level 2 spell: Passwall
  6708 | D:5      | Found a shimmering altar of Xom.
  6806 | D:5      | Reached skill level 1 in Transmutations
  7038 | D:5      | Reached skill level 3 in Shields
  7850 | D:6      | Reached XP level 9. HP: 43/46 MP: 6/16
  7972 | D:6      | Reached skill level 1 in Armour
  7972 | D:6      | Reached skill level 10 in Earth Magic
  8010 | D:6      | Reached skill level 1 in Fighting
  8121 | D:6      | Reached skill level 2 in Dodging
  8314 | D:6      | Found a staircase to the Ecumenical Temple.
  8363 | Temple   | Entered the Ecumenical Temple
  8661 | Temple   | Became a worshipper of Vehumet
  8853 | D:6      | Reached skill level 2 in Transmutations
  9020 | D:6      | Found a broken altar of Ashenzari.
  9068 | D:6      | Reached skill level 5 in Spellcasting
  9272 | D:6      | Reached skill level 2 in Armour
  9483 | D:7      | Reached skill level 2 in Fighting
  9498 | D:7      | Reached skill level 4 in Shields
  9619 | D:7      | Reached * piety under Vehumet
  9619 | D:7      | Offered knowledge of Foxfire by Vehumet.
  9799 | D:7      | Noticed a hornet
  9816 | D:7      | Killed a hornet
 10247 | D:7      | Reached skill level 3 in Armour
 10373 | D:7      | Found a runed translucent gate.
 10375 | D:7      | Found a runed translucent gate.
 10376 | D:7      | Found a runed translucent gate.
 10380 | D:7      | Noticed Tirrikindir's ghost (novice OpAE)
 10536 | D:7      | Reached skill level 11 in Earth Magic
 10651 | D:7      | Killed an unseen horror
 10652 | D:7      | Reached skill level 3 in Fighting
 10652 | D:7      | Reached skill level 3 in Dodging
 10652 | D:7      | Reached skill level 3 in Transmutations
 10652 | D:7      | Reached XP level 10. HP: 20/56 MP: 16/18
 11006 | D:7      | You pick up a book of Party Tricks and begin reading...
 11006 | D:7      | You add the spells Apportation, Lesser Beckoning,
                  | Alistair's Intoxication and Invisibility to your library.
 11049 | D:7      | Killed Tirrikindir's ghost
 11205 | D:8      | Offered knowledge of Searing Ray by Vehumet.
 11206 | D:8      | Reached ** piety under Vehumet
 11210 | D:8      | Learned a level 2 spell: Searing Ray
 11229 | D:8      | Noticed Blork the orc
 11241 | D:8      | Killed Blork the orc
 11334 | D:8      | Reached skill level 1 in Evocations
 11497 | D:8      | Reached skill level 4 in Armour
 11610 | D:8      | Reached skill level 4 in Fighting
 11614 | D:8      | Reached skill level 6 in Spellcasting
 11716 | D:8      | Got an iridescent great sword
 11725 | D:8      | Identified the cursed +0 great sword of Faath {vamp, Will+
                  | SInv} (You found it on level 8 of the Dungeon)
 11972 | D:8      | Noticed Maurice
 11976 | D:8      | Killed Maurice
 12113 | D:8      | Noticed a two-headed ogre
 12125 | D:8      | Killed a two-headed ogre
 12126 | D:8      | Reached skill level 4 in Dodging
 12126 | D:8      | Reached skill level 12 in Earth Magic
 12126 | D:8      | Reached skill level 2 in Evocations
 12451 | D:9      | Offered knowledge of Static Discharge by Vehumet.
 12459 | D:9      | Found a staircase to the Lair.
 12460 | D:9      | Noticed a fire dragon
 12472 | D:9      | Killed from afar by a fire dragon

Vanquished Creatures
  A two-headed ogre (D:8)
  An unseen horror (D:7)
  The ghost of Tirrikindir the Zephyrmancer, a novice OpAE (D:7)
  Maurice (D:8)
  A hornet (D:7)
  Grinder (D:3)
  Sigmund (D:4)
  A wyvern (D:8)
  5 orc warriors
  A sky beast (D:6)
  2 ice beasts
  3 ogres
  A big kobold (D:8)
  Blork the orc (D:8)
  2 bullfrogs
  2 elf zombies (Ossuary)
  3 gnoll sergeants (D:8)
  3 scorpions
  4 killer bees (D:8)
  A howler monkey (D:7)
  4 wights (D:7)
  3 electric eels
  A hound (D:7)
  A human zombie (Ossuary)
  A jelly (D:6)
  A centaur zombie (D:7)
  7 orc priests
  A bullfrog skeleton (D:6)
  A centaur skeleton (D:8)
  An iguana (D:7)
  Natasha (thrice) (D:3)
  8 orc wizards
  5 worker ants
  A hound zombie (D:7)
  A spectral howler monkey (D:7)
  3 hound skeletons
  3 mummies (Ossuary)
  2 worker ant zombies
  Robin (D:4)
  A howler monkey zombie (D:5)
  14 gnolls
  A howler monkey skeleton (D:5)
  11 adders
  2 white imps
  2 ufetubi
  2 oozes
  4 adder zombies
  An adder skeleton (D:6)
  2 worms (D:3)
  4 dart slugs (D:2)
  3 leopard geckos
  34 orcs
  7 giant cockroaches
  24 goblins
  5 hobgoblins
  14 jackals
  6 quokkas
  2 ball pythons
  6 bats
  5 frilled lizards
  A giant cockroach zombie (D:5)
  2 gnoll zombies (Ossuary)
  3 goblin zombies (Ossuary)
  13 kobolds
  2 kobold zombies (Ossuary)
  A leopard gecko skeleton (D:8)
  A quokka skeleton (D:6)
  5 quokka zombies (Ossuary)
  9 rats
  3 rat zombies
274 creatures vanquished.

Vanquished Creatures (others)
  2 plants (D:5)
2 creatures vanquished.

Grand Total: 276 creatures vanquished

Table legend:
 A = Non-vault XP
 B = Vault XP
 C = Vault XP percentage of total XP
 D = Non-vault monster count
 E = Vault monster count
 F = Vault count percentage of total count
                 A         B        C        D         E       F
            +---------+---------+-------+---------+---------+-------
      Total |    5491 |    3430 |  38.4 |     212 |      62 |  22.6
            +---------+---------+-------+---------+---------+-------
        D:1 |      24 |       0 |   0.0 |      16 |       0 |   0.0
        D:2 |      62 |       2 |   3.1 |      26 |       1 |   3.7
        D:3 |     233 |     331 |  58.7 |      37 |       4 |   9.8
        D:4 |     175 |     279 |  61.5 |       5 |      20 |  80.0
        D:5 |     825 |     106 |  11.4 |      30 |       4 |  11.8
        D:6 |     939 |      80 |   7.9 |      27 |       2 |   6.9
        D:7 |    1191 |    1330 |  52.8 |      34 |       4 |  10.5
        D:8 |    1970 |     991 |  33.5 |      36 |       6 |  14.3
        D:9 |      72 |       0 |   0.0 |       1 |       0 |   0.0
    Ossuary |       0 |     311 | 100.0 |       0 |      21 | 100.0
            +---------+---------+-------+---------+---------+-------

Illustrated notes

Table legend:
 A = Kills in this place as a percentage of kills in entire the game.
 B = Kills by you in this place as a percentage of kills by you in the entire game.
 C = Kills by friends in this place as a percentage of kills by friends in the entire game.
 D = Other kills in this place as a percentage of other kills in the entire game.
 E = Experience gained in this place as a percentage of experience gained in the entire game.
 F = Experience gained in this place divided by the number of levels of this place that you have seen.
                   A       B       C       D       E      F
               +-------+-------+-------+-------+-------+----------------------
         Total | 100.0 | 100.0 |   N/A |   N/A | 100.0 | 811.0
       Dungeon |  92.3 |  92.3 |   N/A |   N/A |  96.5 | 956.7
       Ossuary |   7.7 |   7.7 |   N/A |   N/A |   3.5 | 311.0
               +-------+-------+-------+-------+-------+----------------------

Table legend: (Time is in decaauts)
 A = Elapsed time spent in this place.
 B = Non-inter-level travel time spent in this place.
 C = Inter-level travel time spent in this place.
 D = Time resting spent in this place.
 E = Time spent auto-exploring this place.
 F = Levels seen in this place.
 G = Mean time per level.
                   A        B        C        D        E       F      G
               +--------+--------+--------+--------+--------+-----+--------+
         Total |  12582 |  12165 |    417 |    362 |   9832 |  11 | 1143.8 |
       Dungeon |  11536 |  11178 |    358 |    362 |   9018 |   9 | 1281.8 |
        Temple |    467 |    408 |     59 |      0 |    402 |   1 |  467.0 |
       Ossuary |    577 |    577 |      0 |      0 |    412 |   1 |  577.0 |
               +--------+--------+--------+--------+--------+-----+--------+

Top non-repeatable levels by time:
     D:3: 2130 daAuts
     D:5: 1714 daAuts
     D:7: 1705 daAuts
     D:8: 1279 daAuts
     D:4: 1249 daAuts
     D:1: 1172 daAuts
     D:2: 1132 daAuts
     D:6: 1127 daAuts
 Ossuary: 577 daAuts
  Temple: 467 daAuts
     D:9: 24 daAuts
